 Dungeon Crawl Stone Soup version 0.27-a0-828-g8289197e94 (webtiles) character file.

Game seed: 14870025501429504709

5051 jestyr24 the Thaumaturge (level 10, -5/70 HPs)
             Began as a Djinni Fire Elementalist on Mar 31, 2021.
             Was a Follower of Makhleb.
             Slain by Harold
             ... wielding a +0 battleaxe
              (14 damage)
             ... on level 8 of the Dungeon.
             The game lasted 01:22:19 (5972 turns).

jestyr24 the Thaumaturge (Djinni Fire Elementalist) Turns: 5972, Time: 01:22:20

Health: -5/70      AC: 10    Str:  7    XL:     10   Next: 56%
Gold:   426        EV:  7    Int: 18    God:    Makhleb [*.....] SH:  0 Dex: 14

rFire    + + +     SeeInvis +   b - +1 spear (vamp)
rCold    . . .     Faith    .   I - +0 buckler
rNeg     . . .     Spirit   .   M - +2 robe {rC+}
rPois    ∞         Reflect  .   o - +2 helmet
rElec    .         Harm     .   (no cloak)
rCorr    .         Rampage  .   F - +0 pair of gloves
Will     ++...                  (boots unavailable)
Stlth    ++++......             c - amulet of regeneration
HPRegen  1.21/turn              x - ring of protection from fire
MPRegen  0.00/turn              B - ring of see invisible

@: flying, very slightly contaminated, held, studying Stealth
A: fire resistance 2, cold vulnerability 1, float, innate caster, hp casting,
extra vitality 1, iridescent scales 1, camouflage 1, dopey 1, strong-willed 1
a: Renounce Religion


You were on level 8 of the Dungeon.
You worshipped Makhleb.
Makhleb was aware of your devotion.
You visited 1 branch of the dungeon, and saw 8 of its levels.
You also visited: Sewer.

You collected 426 gold pieces.

Inventory:

Hand Weapons
 b - a +1 vampiric spear (weapon)
 m - a +2 dagger of freezing
 u - a +0 hand crossbow
 N - a +4 dagger
Missiles
 d - 5 silver boomerangs
 e - 2 throwing nets
 t - 5 curare-tipped darts
 v - 32 bolts
 w - 12 javelins
 J - 9 poisoned darts
Armour
 o - a +2 helmet (worn)
 r - a +0 robe
 y - the +0 leather armour of the Apprentice {rN+ MP+9 Int+2}
   (You found it on level 4 of the Dungeon)

   It affects your intelligence (+2).
   It protects you from negative energy.
   It affects your magic capacity (+9).
 F - a +0 pair of gloves (worn)
 I - a +0 buckler (worn)
 M - a +2 robe of cold resistance (worn)
Magical Staves
 z - a staff of earth
Jewellery
 c - an amulet of regeneration (around neck)
 x - a ring of protection from fire (left hand)
 B - a ring of see invisible (right hand)
Wands
 l - a wand of random effects (28)
 n - a wand of flame (39)
 C - a wand of paralysis (9)
 D - a wand of polymorph (9)
 L - a wand of iceblast (7)
Scrolls
 a - 2 scrolls of identify
 f - a scroll of magic mapping
 g - 3 scrolls of teleportation
 q - 2 scrolls of fear
Potions
 h - a potion of degeneration {unknown}
 j - 4 potions of curing
 k - 2 potions of cancellation {unknown}
 p - a potion of mutation
 s - a potion of ambrosia {unknown}
 A - 2 potions of resistance
 G - 2 potions of haste
 H - a potion of brilliance {unknown}
 K - a potion of magic {unknown}


   Skills:
 - Level 5.5 Fighting
 - Level 2.6 Polearms
 - Level 4.7 Armour
 - Level 5.9 Dodging
 + Level 4.0 Stealth
 - Level 4.1 Shields
 - Level 9.0 Spellcasting


You had one spell level left.
You knew the following spells:

 Your Spells              Type           Power      Damage    Failure   Level
a - Foxfire               Conj/Fire      100%       2x1d9     1%          1
b - Conjure Flame         Conj/Fire      40%        6-21      1%          3
c - Inner Flame           Hex/Fire       40%        N/A       1%          3
d - Sticky Flame          Conj/Fire      40%        2d6       1%          4
e - Fireball              Conj/Fire      20%        3d10      6%          5
f - Corona                Hex            44%        N/A       1%          1
g - Call Imp              Summ           40%        N/A       1%          2
h - Ozocubu's Armour      Ice            40%        N/A       1%          3
i - Hailstorm             Conj/Ice       40%        3d10      1%          4
Your spell library was empty.

Dungeon Overview and Level Annotations

Branches:
Dungeon (7/15)             Temple (0/1) D:7           Sewer (visited)

Altars:
Ashenzari
Cheibriados
Fedhas
Hepliaklqana
Makhleb
Nemelex Xobeh
Okawaru
Ru
Uskayaw
Xom

Shops:
D:4 [   D:6 [

Annotations:
D:8 Grum, Harold


Innate Abilities, Weirdness & Mutations

You are immune to poison.
Your flesh is very heat resistant. (rF++)
You are vulnerable to cold. (rC-)
You float through the air rather than walking.
You learn spells naturally, not from books.
Your magical power is your life essence.
You have superior vitality. (+4 HP)
You are partially covered in iridescent scales. (AC +2)
Your skin changes colour to match your surroundings (Stealth+).
You are dopey. (Int -2)
You are strong-willed. (Will+)


Message History

Harold is moderately wounded.
Harold hits you with a +0 battleaxe!
Casting: Fireball (dangerous; 6% risk of failure)
Confirm with . or Enter, or press ? or * to list all spells.
Aiming: Fireball (dangerous; 6% risk of failure)
Press: ? - help, Shift-Dir - straight line, p - Harold The fireball explodes!
The fireball engulfs Harold!!
Flame seeps out of Harold.
Harold is heavily wounded.
Harold is engulfed in blazing flames.
Flame seeps out of Harold.
Harold closely misses you.
Casting: Fireball (dangerous; 6% risk of failure)
Confirm with . or Enter, or press ? or * to list all spells.
Aiming: Fireball (dangerous; 6% risk of failure)
Press: ? - help, Shift-Dir - straight line The fireball explodes!
The fireball engulfs Harold but does no damage.
Harold is severely wounded.
Harold is engulfed in blazing flames.
Flame seeps out of Harold.
Harold hits you with a +0 battleaxe!
Harold is engulfed in blazing flames.
Flame seeps out of Harold.
Harold hits you with a +0 battleaxe!
* * * LOW HITPOINT WARNING * * *
Okay, then.
Casting: Fireball (dangerous; 6% risk of failure)
Confirm with . or Enter, or press ? or * to list all spells.
Aiming: Fireball (dangerous; 6% risk of failure)
Press: ? - help, Shift-Dir - straight line You miscast Fireball.
Nothing appears to happen.
* * * LOW HITPOINT WARNING * * *
Harold is engulfed in blazing flames.
Flame seeps out of Harold.
Harold hits you but does no damage.
Casting: Fireball (dangerous; 6% risk of failure)
Confirm with . or Enter, or press ? or * to list all spells.
Aiming: Fireball (dangerous; 6% risk of failure)
Press: ? - help, Shift-Dir - straight line The fireball explodes!
The fireball engulfs Harold.
Flame seeps out of Harold.
Harold is almost dead.
* * * LOW HITPOINT WARNING * * *
Harold is engulfed in blazing flames.
Flame seeps out of Harold.
Harold hits you with a +0 battleaxe!
You die...

##...........##
#.............#
###.###.......##
#..# ###......#
##.## ####...##
#..# ###..# #.##
##.. ##.# ##.
#@(# ##
......@)## #
........#
........#
........#
........#
.........
......... # #.


You could see Harold (fast, inner flame).

Vanquished Creatures
  Erica (D:8)
  A two-headed ogre (D:7)
  Joseph (D:8)
  Prince Ribbit (D:6)
  Grinder (D:6)
  Sigmund (D:2)
  A steam dragon (D:7)
  2 orc warriors
  Purgy (Sewer)
  A black bear (D:6)
  2 necrophages
  3 wolves (D:8)
  2 centaurs
  An ogre (D:5)
  A kobold brigand (D:2)
  2 bullfrogs (D:6)
  A wyvern zombie (D:8)
  4 scorpions
  3 water moccasin zombies
  8 wights
  2 howler monkeys
  A centaur zombie (D:5)
  A bullfrog zombie (D:5)
  A hound (D:6)
  A jelly (D:7)
  3 orc priests
  An iguana (D:6)
  Terence (D:3)
  Natasha (thrice) (D:2)
  6 orc wizards
  A killer bee zombie (D:6)
  Robin (D:2)
  4 adders
  A shadow imp (D:7)
  3 white imps
  5 dart slugs
  22 orcs
  4 ball pythons
  4 endoplasms
  5 giant cockroaches
  13 goblins
  10 hobgoblins
  4 jackals (D:3)
  8 kobolds
  5 quokkas
  6 bats
  3 frilled lizards
  3 rats
  A butterfly (D:7)
161 creatures vanquished.

Vanquished Creatures (others)
  289 foxfires
  3 plants
292 creatures vanquished.

Grand Total: 453 creatures vanquished

Notes
Turn   | Place    | Note
-------+----------+-------------------------------------------
     0 | D:1      | jestyr24 the Djinni Fire Elementalist began the quest for
                  | the Orb.
     0 | D:1      | Reached XP level 1. HP: 15/15 MP: 0/0
   205 | D:1      | Reached XP level 2. HP: 21/21 MP: 0/0
   487 | D:1      | Reached skill level 3 in Spellcasting
  1068 | D:2      | Reached XP level 3. HP: 26/26 MP: 0/0
  1068 | D:2      | Learned a level 1 spell: Corona
  1188 | D:2      | Noticed Sigmund
  1218 | D:2      | Noticed Robin
  1294 | D:2      | Noticed Natasha
  1299 | D:2      | Killed Natasha
  1300 | D:2      | Reached skill level 1 in Fighting
  1300 | D:2      | Reached XP level 4. HP: 30/32 MP: 0/0
  1320 | D:2      | Killed Sigmund
  1321 | D:2      | Reached skill level 1 in Polearms
  1321 | D:2      | Reached XP level 5. HP: 38/38 MP: 0/0
  1321 | D:2      | Learned a level 2 spell: Call Imp
  1321 | D:2      | Reached XP level 6. HP: 43/43 MP: 0/0
  1378 | D:2      | Reached skill level 4 in Spellcasting
  1408 | D:2      | Killed Robin
  1685 | D:2      | Found a hide-covered altar of Uskayaw.
  1687 | D:2      | Noticed Natasha
  1696 | D:2      | Killed Natasha
  1879 | D:2      | Noticed Natasha
  1885 | D:2      | Killed Natasha
  2027 | D:3      | Noticed Terence
  2039 | D:3      | Killed Terence
  2126 | D:3      | Found a glowing drain.
  2139 | Sewer    | Entered a sewer
  2158 | Sewer    | Noticed Purgy
  2167 | Sewer    | Killed Purgy
  2168 | Sewer    | Reached XP level 7. HP: 42/49 MP: 0/0
  2168 | Sewer    | Learned a level 3 spell: Ozocubu's Armour
  2369 | D:3      | Found a shimmering altar of Xom.
  2906 | D:4      | Found Loobis's Armour Shop.
  3027 | D:4      | Found an iron altar of Okawaru.
  3029 | D:4      | Found a snail-covered altar of Cheibriados.
  3030 | D:4      | Found a blossoming altar of Fedhas.
  3122 | D:4      | Identified the +0 leather armour of the Apprentice {rN+
                  | MP+9 Int+2}
  3590 | D:5      | Entered Level 5 of the Dungeon
  3618 | D:5      | Reached skill level 5 in Spellcasting
  3648 | D:5      | Reached XP level 8. HP: 40/56 MP: 0/0
  3844 | D:5      | Found a burning altar of Makhleb.
  3847 | D:5      | Became a worshipper of Makhleb the Destroyer
  4043 | D:5      | Found a sacrificial altar of Ru.
  4158 | D:6      | Found a broken altar of Ashenzari.
  4159 | D:6      | Noticed Prince Ribbit
  4168 | D:6      | Killed Prince Ribbit
  4169 | D:6      | Reached skill level 1 in Armour
  4169 | D:6      | Reached skill level 1 in Shields
  4169 | D:6      | Reached skill level 6 in Spellcasting
  4314 | D:6      | Found a hazy altar of Hepliaklqana.
  4350 | D:6      | Noticed Grinder
  4363 | D:6      | Killed Grinder
  4409 | D:6      | Reached XP level 9. HP: 61/62 MP: 0/0
  4409 | D:6      | Learned a level 4 spell: Hailstorm
  4502 | D:6      | Gained mutation: You are partially covered in iridescent
                  | scales. (AC +2) [potion of mutation]
  4502 | D:6      | Gained mutation: You are strong-willed. (Will+) [potion of
                  | mutation]
  4502 | D:6      | Gained mutation: You are dopey. (Int -2) [potion of
                  | mutation]
  4502 | D:6      | Gained mutation: Your skin changes colour to match your
                  | surroundings (Stealth+). [potion of mutation]
  4708 | D:6      | Reached skill level 7 in Spellcasting
  4833 | D:6      | Found a sparkling altar of Nemelex Xobeh.
  4961 | D:6      | Found Wus Uppa's Armour Boutique.
  5171 | D:7      | Reached * piety under Makhleb
  5394 | D:7      | Noticed a two-headed ogre
  5406 | D:7      | Killed a two-headed ogre
  5407 | D:7      | Reached skill level 5 in Dodging
  5407 | D:7      | Reached skill level 8 in Spellcasting
  5407 | D:7      | Reached XP level 10. HP: 69/69 MP: 0/0
  5510 | D:7      | Reached skill level 5 in Fighting
  5522 | D:7      | Found a staircase to the Ecumenical Temple.
  5568 | D:7      | Found a shimmering altar of Xom.
  5582 | D:7      | You are sucked into a shaft and drop 1 floor!
  5622 | D:8      | Noticed Harold
  5625 | D:8      | Noticed Grum
  5693 | D:8      | Noticed Joseph
  5700 | D:8      | Killed Joseph
  5728 | D:8      | Noticed Erica
  5734 | D:8      | Killed Erica
  5735 | D:8      | Reached skill level 9 in Spellcasting
  5972 | D:8      | Slain by Harold

Illustrated notes

Levels and vault maps discovered:
D:1:      giann_forest_graveyard, layout_loops_ring, serial_forest,
          infiniplex_forest_straight_2, infiniplex_forest_corner_1,
          infiniplex_forest_clump_diagonal, infiniplex_forest_clump_diagonal,
          infiniplex_forest_straight_3, infiniplex_forest_straight_3
D:2:      minmay_wonky_spiral, layout_basic, nicolae_uskayaw_dance_studio,
          minmay_tromino_v7, uniq_natasha, uniq_sigmund, uniq_robin
D:3:      layout_basic, nicolae_overflow_crystal_walls, gup_sewer_entry_pipe,
          uniq_terence
D:4:      layout_loops_ring, grunt_temple_overflow_open, serial_shops,
          nicolae_shop_trees
D:5:      layout_rooms, kennysheep_mini, serial_bayou_ford_a,
          nicolae_ru_the_path_less_chosen
D:6:      layout_cave_pools, nemelex_xobeh_ov_fountains_minmay,
          lemuel_round_altar, lemuel_round_altar, serial_shops, shop_fountains,
          minmay_manual_maat, uniq_grinder, uniq_prince_ribbit1
D:7:      layout_rooms, minmay_temple_entry_butterflies, basic_altar
D:8:      layout_cave_pods, nicolae_dithmenos_through_a_glass_darkly,
          grunt_ogre_cave, uniq_erica, uniq_joseph, uniq_grum, uniq_harold

Skill      XL: |  1  2  3  4  5  6  7  8  9 10 |
---------------+-------------------------------+-----
Spellcasting   | 3 4 5 6 8 9 |  9.0
Stealth        | 2 3 4 |  4.0
Fighting       | 1 2 3 4 5 |  5.5
Polearms       | 1 2 |  2.6
Dodging        | 3 4 5 |  5.9
Armour         | 1 4 |  4.7
Shields        | 1 3 4 |  4.1

Action                   |  1- 3 |  4- 6 |  7- 9 | 10-12 || total
-------------------------+-------+-------+-------+-------++-------
Melee: Spear             |    66 |    17 |    34 |       ||   117
 Cast: Foxfire           |    20 |    29 |   107 |    21 ||   177
       Inner Flame       |       |    17 |    67 |    23 ||   107
       Call Imp          |       |     1 |       |       ||     1
       Fireball          |       |       |       |    17 ||    17
  Use: Scroll            |       |     4 |     7 |     1 ||    12
       Potion            |       |       |     2 |       ||     2
 Stab: Sleeping          |     5 |     1 |     6 |       ||    12
Armor: Robe              |     4 |     8 |     7 |     2 ||    21
       Leather armour    |       |       |     5 |       ||     5
Dodge: Dodged            |    33 |    20 |    48 |     5 ||   106
Block: Buckler           |       |       |     5 |     2 ||     7

Table legend: (Time is in decaauts)
 A = Elapsed time spent in this place.
 B = Non-inter-level travel time spent in this place.
 C = Inter-level travel time spent in this place.
 D = Time resting spent in this place.
 E = Time spent auto-exploring this place.
 F = Levels seen in this place.
 G = Mean time per level.
                   A        B        C        D        E       F      G
               +--------+--------+--------+--------+--------+-----+--------+
         Total |   5976 |   5821 |    155 |    884 |   2537 |   9 |  664.0 |
       Dungeon |   5826 |   5671 |    155 |    884 |   2530 |   8 |  728.2 |
         Sewer |    150 |    150 |      0 |      0 |      7 |   1 |  150.0 |
               +--------+--------+--------+--------+--------+-----+--------+

Top non-repeatable levels by time:
     D:1: 1036 daAuts
     D:2: 884 daAuts
     D:3: 840 daAuts
     D:6: 750 daAuts
     D:4: 683 daAuts
     D:5: 653 daAuts
     D:7: 587 daAuts
     D:8: 389 daAuts
   Sewer: 150 daAuts
